 Dungeon Crawl Stone Soup version 0.28.0-53-g5a82cb258f (webtiles) character file.

Game seed: 15814345696259971023

18 DemonSlayer the Firebug (level 2, -1/19 HPs)
             Began as a Demonspawn Fire Elementalist on July 28, 2022.
             Slain by an adder (5 damage)
             ... on level 1 of the Dungeon.
             The game lasted 00:02:20 (997 turns).

DemonSlayer the Firebug (DsFE)                       Turns: 997, Time: 00:02:22

Health: -1/19      AC:  2    Str:  8    XL:     2   Next: 51%
Magic:  1/5        EV: 12    Int: 16    God:
Gold:   14         SH:  0    Dex: 13    Spells: 2/5 levels left

rFire   . . .      SeeInvis .   g - +0 mace
rCold   . . .      Faith    .   (no shield)
rNeg    . . .      Spirit   .   a - +0 robe
rPois   .          Reflect  .   (no helmet)
rElec   .          Harm     .   (no cloak)
rCorr   .          Rampage  .   (no gloves)
Will    .....                   (no boots)
Stlth   ++........              (no amulet)
HPRegen 0.06/turn               (no ring)
MPRegen 0.09/turn               (no ring)

@: lethally poisoned (-1 -> -4), attractive
A: weakness stinger 1
a: no special abilities


You were on level 1 of the Dungeon.
You visited 1 branch of the dungeon, and saw 2 of its levels.

You collected 14 gold pieces.

Inventory:

Hand Weapons
 c - a +0 spear
 g - a +0 mace (weapon)
Armour
 a - a +0 robe (worn)
Scrolls
 f - a scroll of silence {unknown}


   Skills:
 + Level 0.3 Polearms
 + Level 1.8 Dodging
 + Level 2.0 Stealth
 + Level 2.2 Spellcasting
 + Level 1.0 Conjurations
 + Level 3.1 Fire Magic


You had 2 spell levels left.
You knew the following spells:

 Your Spells              Type           Power      Damage    Failure   Level
a - Foxfire               Conj/Fire      32%        2x1d5     9%          1
b - Scorch                Fire           22%        2d6       9%          2

Your spell library contained the following spells:

 Spells                   Type           Power      Damage    Failure   Level
 Magic Dart               Conj           20%        1d4       13%         1
 Call Imp                 Summ           1%         N/A       30%         2
 Conjure Flame            Conj/Fire      8%         6-21      26%         3
 Inner Flame              Hex/Fire       6%         N/A       32%         3
 Mephitic Cloud           Conj/Pois/Air  2%         N/A       47%         3
 Flame Wave               Conj/Fire      8%         2d5       65%         4


Dungeon Overview and Level Annotations

Branches:
Dungeon (2/15)

Altars:

Shops:
D:1 *[


Innate Abilities, Weirdness & Mutations

You have a small tail.


Message History

The hobgoblin is severely wounded.
The hobgoblin barely misses you. The hobgoblin hits you.
Your magical contamination has completely faded away.
The dart slug launches a dart at you. The slug dart hits you.
The dart slug launches a dart at you. The slug dart hits you.
The adder barely misses you.
There is a stone staircase leading up here.
The adder completely misses you. The hobgoblin completely misses you.
You climb upwards.
There is a stone staircase leading down here.
You conjure some foxfire!
The adder bites you. The hobgoblin misses you.
You are too injured to fight recklessly!
Unknown command.
You are too injured to fight recklessly!
You closely miss the adder.
Your tail-slap misses the adder.
The foxfire hits the adder.
The adder is lightly wounded.
The foxfire hits the adder.
The adder is moderately wounded.
The adder bites you. The hobgoblin misses you. The adder barely misses you.
You hit the adder.
The adder is moderately wounded.
The adder misses you. The hobgoblin hits you.
* * * LOW HITPOINT WARNING * * *
The adder barely misses you.
The hobgoblin hits you but does no damage.
It was a potion of heal wounds.
You feel much better. The adder bites you.
You are poisoned.
The adder poisons you! The hobgoblin hits you.
It was a potion of attraction.
You feel attractive to monsters.
You feel sick. The adder misses you. The hobgoblin hits you.
As you read the scroll labelled TOUTUT UDAE, it crumbles to dust.
You speak a Word of immense power!
You are blasted by holy energy!
* * * LOW HITPOINT WARNING * * *
It was a scroll of holy word.
* * * LOW HITPOINT WARNING * * *
You feel sick. The adder bites you.
You die...

###........##........#.##
###......#..........##.#
#.....#...#......))##.#####
##...##..###........##.....#
...#.#..##........#.##.....#
...#...##..##.....#........#
.###..##..##......>..#.....#
####.###.###...g.S...#.....#
#......##.....@...########
###...#.....#.....###
....#.#.######...##
......#.# ##..# .....)..#
####...# .......## #......#
.......####......#
.................#
.......####......# #######


You could see an adder and a hobgoblin.

Vanquished Creatures
  3 ball pythons (D:1)
  3 endoplasms
  A kobold (D:1)
  A bat (D:1)
  2 frilled lizards (D:1)
  4 goblins (D:1)
  3 rats (D:1)
17 creatures vanquished.

Vanquished Creatures (others)
  70 foxfires
70 creatures vanquished.

Grand Total: 87 creatures vanquished

Notes
Turn   | Place    | Note
-------+----------+-------------------------------------------
     0 | D:1      | DemonSlayer the Demonspawn Fire Elementalist began the
                  | quest for the Orb.
     0 | D:1      | Reached XP level 1. HP: 13/13 MP: 3/3
     3 | D:1      | Noticed an electric eel
     4 | D:1      | Noticed an electric eel
    14 | D:1      | Found Etwixat's General Store.
   270 | D:1      | Reached skill level 3 in Fire Magic
   275 | D:1      | Gained mutation: You have a small tail. [demonic ancestry]
   275 | D:1      | Reached XP level 2. HP: 19/19 MP: 0/5
   278 | D:1      | Learned a level 2 spell: Scorch
   301 | D:1      | Found Weun's Antique Armour Boutique.
   997 | D:1      | Slain by an adder

Illustrated notes

Levels and vault maps discovered:
D:1:      arrival_aquarium_b, layout_rooms, serial_shops, nicolae_shop_stone,
          shop
D:2:      layout_basic, chequers_jeans

Skill      XL: |  1  2 |
---------------+-------+-----
Fire Magic     | 3 |  3.1
Stealth        | 2 |  2.0
Polearms       | |  0.3
Dodging        | |  1.8
Spellcasting   | |  2.2
Conjurations   | |  1.0

Action                   || total
-------------------------++-------
Melee: Spear             ||    13
       Mace              ||     3
       Punch             ||     1
 Cast: Foxfire           ||    43
  Use: Potion            ||     2
       Scroll            ||     1
 Stab: Sleeping          ||     2
Armor: Robe              ||     5
Dodge: Dodged            ||    14
